 Dungeon Crawl Stone Soup version 0.27.1-15-g792fb953b9 (webtiles) character file.

Game seed: 13870553336378585265

58 Foxy the Skirmisher (level 4, 0/43 HPs)
             Began as a Gargoyle Fighter on Nov 19, 2021.
             Slain by an orc wizard (2 damage)
             ... on level 3 of the Dungeon.
             The game lasted 00:01:56 (2268 turns).

Foxy the Skirmisher (Gargoyle Fighter)              Turns: 2268, Time: 00:01:57

Health: 0/43       AC: 22    Str: 21    XL:     4   Next: 1%
Magic:  4/4        EV:  2    Int:  8    God:
Gold:   67         SH:  9    Dex:  9    Spells: 3/3 levels left

rFire    . . .     SeeInvis .   a - +0 flail
rCold    . . .     Faith    .   c - +0 kite shield
rNeg     + + +     Spirit   .   (armour currently unavailable)
rPois    ∞         Reflect  .   (helmet currently unavailable)
rElec    .         Harm     .   (cloak currently unavailable)
rCorr    .         Rampage  .   (gloves currently unavailable)
Will     .....     NoTele   +   (boots currently unavailable)
Stlth    +.........             (no amulet)
HPRegen  0.14/turn              h - +4 ring of evasion
MPRegen  0.09/turn              m - +4 ring of slaying

@: tree-form, very slightly contaminated, invisible
A: stationary, stasis, torment immunity, boosted hp, sickness immunity, AC +3,
negative energy resistance 1, (electricity resistance), torment resistance 1,
petrification resistance, (hooves 1), evolution 1, (sturdy frame 1)
a: no special abilities


You were on level 3 of the Dungeon.
You were a tree.
You visited 1 branch of the dungeon, and saw 3 of its levels.

You collected 67 gold pieces.

Inventory:

Hand Weapons
 a - a +0 flail (weapon)
Missiles
 n - 2 throwing nets (quivered)
Armour
 b - a +0 scale mail (melded)
 c - a +0 kite shield (worn)
Jewellery
 h - a +4 ring of evasion (left branch)
 i - a ring of resist corrosion
 m - a +4 ring of slaying (right branch)
Wands
 x - a wand of iceblast (9)
Scrolls
 e - 3 scrolls of teleportation
 f - a scroll of magic mapping {unknown}
 g - 3 scrolls of identify {unknown}
 q - 2 scrolls of enchant armour {unknown}
 s - a scroll of torment {unknown}
 t - a scroll of amnesia {unknown}
 u - a scroll of fog {unknown}
 v - a scroll of noise {unknown}
 y - a scroll of vulnerability {unknown}
Potions
 d - a potion of might
 l - a potion of cancellation {unknown}
 o - a potion of flight
 p - a potion of invisibility
 r - a potion of curing {unknown}
 w - a potion of attraction {unknown}


   Skills:
 + Level 3.8 Fighting
 * Level 3.2 Maces & Flails
 - Level 3.2 Armour
 + Level 3.8 Shields


You had 3 spell levels left.
You didn't know any spells.
Your spell library contained the following spells:

 Spells                   Type           Power      Damage    Failure   Level
 Inner Flame              Hex/Fire       0%         N/A       99%         3
 Cause Fear               Hex            0%         N/A       100%        4
 Discord                  Hex            0%         N/A       100%        8


Dungeon Overview and Level Annotations

Branches:
Dungeon (3/15)

Altars:
Kikubaaqudgha


Innate Abilities, Weirdness & Mutations

You are a tree.
Your roots penetrate the ground, keeping you stationary.
You cannot be teleported.
You are immune to unholy pain and torment.
Your maximum health is greatly increased.
Your equipment is partially melded.
You are immune to sickness and miasma.
((Your stone body is resilient. (AC +3)))
You are immune to poison.
You resist negative energy. (rN+)
((You are resistant to electric shocks. (rElec)))
You are resistant to unholy torment.
You are immune to petrification.
((You have large cloven feet.))
You evolve.
((Your movements are slightly less encumbered by armour. (ER -2)))


Message History

The goblin hits you with a +0 club.
* * * LOW HITPOINT WARNING * * *
You hear some strange, mumbled words.
A magic dart appears from out of thin air!
The magic dart hits you but does no damage.
The orc hits you but does no damage.
As you read the scroll labelled ZIEKU HOIGILU, it crumbles to dust.
You feel strangely unstable.
It was a scroll of teleportation.
The adder closely misses you.
You hear some strange, mumbled words.
A magic dart appears from out of thin air!
The magic dart hits you but does no damage.
The goblin hits you but does no damage. Something hits you but does no damage.
The orc hits you with a +0 short sword.
* * * LOW HITPOINT WARNING * * *
It was a potion of flight.
You feel very buoyant.
You fly up into the air.
The adder closely misses you. Something hits you but does no damage.
You block the goblin's attack. You block the orc's attack.
Something hits you but does no damage. The adder bites you but does no damage.
It was a potion of invisibility.
You fade into invisibility!
You block something's attack. The goblin hits you but does no damage.
The adder closely misses you. Something completely misses you.
The orc closely misses you.
You are very lightly contaminated with residual magic.
It was a potion of lignification.
You turn into a tree.
Your +0 scale mail melds into your body.
Your roots penetrate the ground.
You feel strangely stable. The adder bites you but does no damage.
You block something's attack. The goblin hits you but does no damage.
You block the orc's attack. Something hits you but does no damage.
It was a potion of mutation.
You feel extremely strange.
Your feet thicken and deform.
You feel nature experimenting on you.
Don't worry, failures die fast.
You feel less encumbered by your armour.
The adder bites you but does no damage. Something hits you but does no damage.
You block the goblin's attack. Something hits you.
You die...

..# #.#)..#.# #.#
#.#.....# #.#
#.##..### .. #.#
#.##..###.... #.#
###.<..........
#.#
#..............
###
#.####....(..##
≈≈# #.#
########## ###
#.# #....o♣{# ..#
#.# #...⌠Sg{### #
#######.#
#.....o.#.#.#####
........#
#.⌠...⌠.'.#......
#'###.###
#.......#...#
....#
#...⌠...#.#....#
....# #.......#.#
##.# #'##+
#########.## #
.#..#.#
#.###...###.#


You could see an adder, 2 orcs and a goblin.

Vanquished Creatures
  2 adders (D:2)
  A dart slug (D:1)
  3 endoplasms
  3 giant cockroaches
  A goblin (D:3)
  3 hobgoblins
  6 jackals
  A kobold (D:3)
  2 quokkas
  2 ball pythons
  3 bats
  4 frilled lizards
  5 rats
36 creatures vanquished.

Notes
Turn   | Place    | Note
-------+----------+-------------------------------------------
     0 | D:1      | Foxy the Gargoyle Fighter began the quest for the Orb.
     0 | D:1      | Reached XP level 1. HP: 14/14 MP: 1/1
    88 | D:1      | Reached XP level 2. HP: 7/19 MP: 2/2
   310 | D:1      | Found a faded altar of an unknown god.
   864 | D:2      | Reached XP level 3. HP: 21/24 MP: 3/3
  2083 | D:3      | Found an ancient bone altar of Kikubaaqudgha.
  2230 | D:3      | Reached XP level 4. HP: 29/29 MP: 4/4
  2264 | D:3      | HP: 1/29 [orc (5)]
  2268 | D:3      | Gained mutation: You have large cloven feet. [potion of
                  | mutation]
  2268 | D:3      | Gained mutation: You evolve. [potion of mutation]
  2268 | D:3      | Gained mutation: Your movements are slightly less
                  | encumbered by armour. (ER -2) [potion of mutation]
  2268 | D:3      | Slain by an orc wizard

Illustrated notes

Levels and vault maps discovered:
D:1:      lemuel_arrival_rhombus, layout_rooms,
          hellmonk_ecumenical_altar_dog_temple, chequers_serial_rivers_marsh,
          kennysheep_minor_cross
D:2:      layout_loops_corners, dk_noncrumbling_4
D:3:      minmay_roachtagon, layout_loops_ring, mainiacjoe_overflow_24_doors,
          serial_rivers, chequers_serial_rivers_micro_a,
          chequers_serial_rivers_micro_d, chequers_serial_rivers_large_b,
          chequers_serial_rivers_small_b, roderic_lattice_a,
          kennysheep_generic_room_10

Skill      XL: |  1  2  3 |
---------------+----------+-----
Maces & Flails | 3 |  3.2
Fighting       | |  3.8
Armour         | |  3.2
Shields        | |  3.8

Action                   |  1- 3 |  4- 6 || total
-------------------------+-------+-------++-------
Melee: Flail             |   119 |     9 ||   128
  Use: Potion            |       |     4 ||     4
       Scroll            |       |     1 ||     1
Armor: Scale mail        |    61 |    34 ||    95
       Skin              |       |     5 ||     5
Dodge: Dodged            |    65 |    30 ||    95
Block: Kite shield       |    72 |    18 ||    90
